 Dungeon Crawl Stone Soup version 0.31-a0-640-g39d97e502b (webtiles) character file.

Game seed: 454421021015766227

68 CowFu the Changeling (level 4, 0/26 HPs)
             Began as a Kobold Shapeshifter on Aug 28, 2023.
             Was a Follower of Qazlal.
             Slain by Natasha (3 damage)
             ... on level 2 of the Dungeon.
             The game lasted 00:01:33 (865 turns).

CowFu the Changeling (Kobold Shapeshifter)           Turns: 865, Time: 00:01:34

Health: 0/26       AC:  3    Str: 13    XL:     4   Next: 41%
Magic:  4/4        EV: 14    Int: 11    God:    Qazlal [*.....]
Gold:   40         SH:  2    Dex: 14    Spells: 3/3 levels left

rFire   . . .        j - +1 hand axe (venom)
rCold   . . .        (no shield)
rNeg    . . .        g - +0 leather armour
rPois   .            (helmet currently unavailable)
rElec   .            (cloak currently unavailable)
rCorr   .            (gloves currently unavailable)
SInv    .            (boots currently unavailable)
Will    .....        (no amulet)
Stlth   ++           (no ring)
HPRegen 0.24/turn    (no ring)
MPRegen 0.09/turn

%: no passive effects
@: beast-form, attractive
A: beast (slay +2), small, no large weapons, nightstalker 3
a: Begin Untransformation, Renounce Religion


You were on level 2 of the Dungeon.
You worshipped Qazlal.
Qazlal was aware of your devotion.
You were a hulking beast.
You visited 1 branch of the dungeon, and saw 2 of its levels.

You collected 40 gold pieces.

Inventory:

Hand Weapons
 j - a +1 hand axe of venom (weapon)
Armour
 g - a +0 leather armour (worn)
Talismans
 c - a beast talisman (active)
 d - a flux talisman
Scrolls
 a - a scroll of poison {unknown}
 e - a scroll of amnesia {unknown}
 h - a scroll of identify {unknown}
Potions
 b - a potion of lignification
 f - a potion of curing {unknown}
 i - a potion of attraction


   Skills:
 - Level 1.7 Fighting
 - Level 3.0 Dodging
 - Level 3.3 Unarmed Combat
 + Level 4.0 Shapeshifting


You had 3 spell levels left.
You didn't know any spells.
Your spell library was empty.

Dungeon Overview and Level Annotations

Branches:
Dungeon (2/15)

Altars:
Qazlal

Annotations:
D:2 Natasha


Innate Abilities, Weirdness & Mutations

You are a hulking beast.
Your limbs bulge with bestial killing power. (Slay +2)
You are small and have problems with some larger weapons.
You are completely attuned to the shadows.


Message History

Your Shapeshifting skill increases to level 4!
You feel sick.
You feel sick.
You feel sick.
You feel sick.
You are no longer poisoned.
Natasha, Servant of Life and Death comes into view.
Natasha hisses angrily.
Natasha mumbles some strange words.
You feel troubled.
Natasha is nearby!
Natasha barely misses you.
Natasha is nearby!
You hit Natasha.
Natasha is moderately wounded.
Natasha stares at you and mumbles some strange words.
You resist with some effort. Natasha claws you but does no damage.
Natasha is nearby!
You completely miss Natasha.
Natasha is moderately wounded.
Natasha casts a spell at you. The magic dart hits you!
* * * LOW HITPOINT WARNING * * *
Natasha is nearby!
You are too injured to fight recklessly!
Natasha is nearby!
Natasha is nearby!
You are too injured to fight recklessly!
You closely miss Natasha.
Natasha is moderately wounded.
Natasha claws you.
* * * LOW HITPOINT WARNING * * *
You barely miss Natasha.
Natasha is moderately wounded.
Natasha barely misses you. x2
It was a potion of attraction.
You feel attractive to monsters. Natasha claws you.
You die...
Natasha curls up and begins to purr.

.......#
#.......#
#.......#..
#....h.....
#....h.....
#...○..).##
####.#.#...
#########.#)....
#.........##†...
#....).#### .#..
#.<....# .#?.
#......# .#
#........


You could see Natasha.

Vanquished Creatures
  Natasha (D:2)
  An adder (D:2)
  3 bats (D:1)
  3 endoplasms (D:1)
  A giant cockroach (D:2)
  4 goblins
  5 hobgoblins
  4 kobolds
  A quokka (D:2)
  2 ball pythons (D:1)
  3 frilled lizards (D:1)
  4 rats
32 creatures vanquished.

Notes
Turn   | Place    | Note
-------+----------+-------------------------------------------
     0 | D:1      | CowFu the Kobold Shapeshifter began the quest for the Orb.
     0 | D:1      | Reached XP level 1. HP: 12/12 MP: 1/1
    74 | D:1      | Reached XP level 2. HP: 16/16 MP: 2/2
   401 | D:1      | Found a faded altar of an unknown god.
   409 | D:1      | Prayed at the altar of an unknown god.
   409 | D:1      | Became a worshipper of Qazlal Stormbringer
   409 | D:1      | Reached * piety under Qazlal
   480 | D:1      | Reached XP level 3. HP: 20/20 MP: 3/3
   758 | D:2      | Noticed Natasha
   762 | D:2      | Killed Natasha
   763 | D:2      | Reached XP level 4. HP: 14/26 MP: 4/4
   836 | D:2      | Reached skill level 4 in Shapeshifting
   858 | D:2      | Noticed Natasha
   865 | D:2      | Slain by Natasha

Illustrated notes

Levels and vault maps discovered:
D:1:      minmay_arrival_radiant_lines, layout_basic, basic_ecumenical_altar
D:2:      layout_rooms, minmay_rat_gold_closets, uniq_jessica, uniq_natasha

Skill      XL: |  1  2  3  4 |
---------------+-------------+-----
Dodging        | 3 |  3.0
Shapeshifting  | 4 |  4.0
Fighting       | |  1.7
Unarmed Combat | |  3.3

Action                     |  1- 3 |  4- 6 || total
---------------------------+-------+-------++-------
  Melee: Unarmed           |    66 |       ||    66
         Punch             |     2 |       ||     2
         Hand axe          |     4 |    14 ||    18
    Use: Potion            |       |     1 ||     1
   Stab: Sleeping          |     5 |       ||     5
 Armour: Animal skin       |     7 |       ||     7
         Leather armour    |     6 |     3 ||     9
  Dodge: Dodged            |    41 |    15 ||    56

Table legend: (Time is in decaauts)
 A = Elapsed time spent in this place.
 B = Non-inter-level travel time spent in this place.
 C = Inter-level travel time spent in this place.
 D = Time resting spent in this place.
 E = Time spent auto-exploring this place.
 F = Levels seen in this place.
 G = Mean time per level.
                   A        B        C        D        E       F      G
               +--------+--------+--------+--------+--------+-----+--------+
         Total |    865 |    841 |     24 |      0 |    617 |   2 |  432.5 |
       Dungeon |    865 |    841 |     24 |      0 |    617 |   2 |  432.5 |
               +--------+--------+--------+--------+--------+-----+--------+

Top non-repeatable levels by time:
     D:1: 753 daAuts
     D:2: 112 daAuts
